 Dungeon Crawl Stone Soup version 0.29-a0-582-ge82337ba6a (webtiles) character file.

Game seed: 14492031654541626767

0 RancidPinata the Sneak (level 1, -3/14 HPs)
             Began as a Gargoyle Delver on June 14, 2022.
             Slain by a kobold brigand
             ... wielding a +0 dagger
              (7 damage)
             ... on level 5 of the Dungeon.
             The game lasted 00:01:41 (724 turns).

RancidPinata the Sneak (Gargoyle Delver)             Turns: 724, Time: 00:01:42

Health: -3/14      AC:  5    Str: 15    XL:     1   Next: 10%
Magic:  1/1        EV: 11    Int: 10    God:
Gold:   19         SH:  0    Dex: 11    Spells: 0/0 levels left

rFire   . . .      SeeInvis .   a - +0 mace
rCold   . . .      Faith    .   (no shield)
rNeg    + . .      Spirit   .   b - +0 leather armour
rPois   ∞          Reflect  .   (no helmet)
rElec   +          Harm     .   (no cloak)
rCorr   .          Rampage  .   (no gloves)
Will    .....                   (no boots)
Stlth   +++.......              (no amulet)
HPRegen 0.04/turn               (no ring)
MPRegen 0.07/turn               (no ring)

@: no status effects
A: sickness immunity, AC +2, negative energy resistance 1, electricity
resistance, torment resistance 1, petrification resistance
a: no special abilities


You were on level 5 of the Dungeon.
You visited 2 branches of the dungeon, and saw 3 of its levels.

You collected 19 gold pieces.

Inventory:

Hand Weapons
 a - a +0 mace (weapon)
Missiles
 j - 3 poisoned darts (quivered)
Armour
 b - a +0 leather armour (worn)
Wands
 g - a wand of digging (3)
Scrolls
 c - a scroll of fog
 d - a scroll of magic mapping
 e - a scroll of fear
 h - 2 scrolls of identify {unknown}
 i - a scroll of teleportation {unknown}
Potions
 f - a potion of haste
 k - a potion of degeneration {unknown}


   Skills:
 + Level 3.3 Fighting
 + Level 2.0 Maces & Flails
 + Level 1.5 Dodging
 + Level 5.4 Stealth


You couldn't memorise any spells.
You didn't know any spells.
Your spell library was empty.

Dungeon Overview and Level Annotations

Branches:
Dungeon (6/15)             Temple (1/1) D:5

Altars:
Ashenzari
Cheibriados
Dithmenos
Hepliaklqana
Kikubaaqudgha
Makhleb
Nemelex Xobeh
Ru
Trog
Vehumet
Xom
The Shining One


Innate Abilities, Weirdness & Mutations

You are immune to sickness and miasma.
Your stone body is resilient. (AC +2)
You are immune to poison.
You resist negative energy. (rN+)
You are resistant to electric shocks. (rElec)
You are resistant to unholy torment.
You are immune to petrification.


Message History

You thump the plant!
The plant is lightly damaged.
You hit the plant.
The plant is lightly damaged.
A nearby plant withers and dies.
The kobold attacks as you move away! The kobold barely misses you.
The kobold throws a stone.
The stone misses you.
The stone hits the plant.
The plant begins to die.
You sock the plant!
The plant is lightly damaged.
The kobold closely misses you.
The kobold shouts!
You sock the plant!
The plant is lightly damaged.
You hear a shout!
The kobold hits you with a +0 whip.
A kobold comes into view. It is wielding a +0 dagger.
The kobold hits you but does no damage.
You barely miss the kobold.
A nearby plant withers and dies.
The kobold hits you with a +0 whip.
You closely miss the kobold. The kobold closely misses you.
You hit the kobold but do no damage.
A kobold brigand comes into view.
It is wielding a +0 dagger and quivering poisoned darts.
The kobold hits you with a +0 whip. The kobold hits you but does no damage.
The kobold closely misses you. x2
You closely miss the kobold.
The kobold hits you but does no damage. x2
You hit the kobold.
The kobold is moderately wounded.
The kobold hits you with a +0 whip. The kobold completely misses you.
You sock the kobold!
You kill the kobold!
You barely miss the kobold. The kobold closely misses you.
The kobold barely misses you.
The kobold brigand hits you with a +0 dagger.
* * * LOW HITPOINT WARNING * * *
The kobold completely misses you.
You hit the kobold but do no damage. The kobold barely misses you.
The kobold brigand hits you with a +0 dagger!
Ouch! That really hurt!
You die...

#.....# #. ...♣###
#. #..### ##.## ♣♣
#....# #....## ♣.
#....# #.#.#.# ♣.
.K...# #.#.#.## ♣.#
.K...##
#.#.#..#♣.P#
......###.#..#.#KK#
.......##......#@#
.......+.K...).#K#
.......####......#
......## ##..#.##
.....## ###..#
#...## ##.# ##+##
#.# #.# #.# #.# ###
#.#


You could see a kobold brigand and 2 kobolds.

Vanquished Creatures
  A kobold (D:5)
1 creature vanquished.

Vanquished Creatures (others)
  62 plants
62 creatures vanquished.

Grand Total: 63 creatures vanquished

Notes
Turn   | Place    | Note
-------+----------+-------------------------------------------
     0 | D:5      | RancidPinata the Gargoyle Delver began the quest for the
                  | Orb.
     0 | D:5      | Reached XP level 1. HP: 14/14 MP: 1/1
   139 | D:5      | Found a staircase to the Ecumenical Temple.
   145 | Temple   | Entered the Ecumenical Temple
   719 | D:5      | Noticed a kobold brigand
   724 | D:5      | Slain by a kobold brigand

Illustrated notes

Levels and vault maps discovered:
D:5:      kennysheep_kobold_camp, layout_loops_corners,
          minmay_temple_entry_tees, minmay_large_rounded_square
D:6:      layout_layer_cave, kennysheep_ying_yang, mainiacjoe_overflow_alcove_1,
          chequers_serial_rivers_room_b, uniq_maggie
Temple:   minmay_temple_forest_path

Action                   || total
-------------------------++-------
Melee: Mace              ||    19
Armor: Leather armour    ||     7
Dodge: Dodged            ||    13

Table legend: (Time is in decaauts)
 A = Elapsed time spent in this place.
 B = Non-inter-level travel time spent in this place.
 C = Inter-level travel time spent in this place.
 D = Time resting spent in this place.
 E = Time spent auto-exploring this place.
 F = Levels seen in this place.
 G = Mean time per level.
                   A        B        C        D        E       F      G
               +--------+--------+--------+--------+--------+-----+--------+
         Total |    729 |    707 |     22 |     59 |    429 |   3 |  243.0 |
       Dungeon |    322 |    322 |      0 |     59 |    106 |   2 |  161.0 |
        Temple |    406 |    384 |     22 |      0 |    323 |   1 |  406.0 |
               +--------+--------+--------+--------+--------+-----+--------+

Top non-repeatable levels by time:
  Temple: 406 daAuts
     D:5: 284 daAuts
     D:6: 38 daAuts
